Construct Section Command Post
Selects Indian Artillery Battlegroup
Selects Towed ML 4.2-inch Heavy Mortar
Construct Platoon Command Post
Unlock M3 Stuart Light Tanks
Towed ML 4.2-inch Heavy Mortar
Construct Company Command Post
Selects Off-map Airburst Barrage
Selects BL5.5 Artillery Emplacement
Selects Gurkha Rifles Section
6-pounder Anti-tank Gun Team
Unlock M3 Grant Medium Tanks
Unlock Bishop Self-propelled Artillery